AoeStats
← Tetragamenon11

Arabia

509997201Analyzed
1v1 RM · 5d ago on Sep 29, 2026· 42m 35s· 2 players
Game mode
Random Map
Map size
Tiny (2 player)
Population
200
Speed
Normal
Resources
Standard
Victory
Conquest
Starting age
Dark Age
Ending age
Imperial Age
RankedLock teamsTeams togetherTeam positionsShared explorationLock speedFull tech treeHidden civsTurbo modeCheats
Victory
Defeat
🇵🇪 Tatars · Peru
1336
+15
🇵🇪 Inca · Peru
1316
-15
Tetragamenon11
3:56 Loom
14:52 Feudal Age
15:22 Double-Bit Axe
15:00 Champi Runner
16:02 Champi Runner
20:30 Fletching
21:16 Scale Mail Armor
21:35 Padded Archer Armor
26:12 Wheelbarrow
25:19 Horse Collar
25:40 Town Watch
25:48 Gold Mining
30:22 Castle Age
29:23 Scale Mail Armor
29:34 Forging
30:27 Pikeman
31:13 Squires
30:34 Champi Warrior
35:17 Bow Saw
34:47 Elite Skirmisher
37:17 Stone Mining
37:27 Heavy Plow
39:50 Bodkin Arrow
42:32 Imperial Age
chinito_tu papi
0:38 Loom
10:56 Feudal Age
11:50 Double-Bit Axe
12:42 Town Watch
13:59 Fletching
23:14 Padded Archer Armor
27:00 Castle Age
25:21 Gold Mining
27:31 Bloodlines
27:28 Scale Barding Armor
27:50 Bodkin Arrow
27:20 Crossbowman
31:49 Horse Collar
34:49 Chain Barding Armor
37:47 Bow Saw
44:14 Imperial Age
42:42 Wheelbarrow
Connection lost

Rejoining the realm…

Still unreachable

The connection could not be restored.

Session expired

The server has moved on; the page needs a fresh start.